 Dungeon Crawl Stone Soup version 0.30.1-4-g462c640d31 (webtiles) character file.

Game seed: 8497220129965535740

141 leafyfresh the Changer (level 5, -6/37 HPs)
             Began as a Merfolk Transmuter on Aug 19, 2023.
             Mangled by Crazy Yiuf
             ... wielding a +4 quarterstaff of chaos
              (8 damage)
             ... on level 3 of the Dungeon.
             The game lasted 00:06:10 (2559 turns).

leafyfresh the Changer (Merfolk Transmuter)         Turns: 2559, Time: 00:06:11

Health: -6/37      AC:  2    Str: 10    XL:     5   Next: 24%
Magic:  5/8        EV: 20    Int: 12    God:
Gold:   108        SH:  0    Dex: 22    Spells: 1/8 levels left

rFire   . .          .
                       - Unarmed
rCold   . . .        (shield currently unavailable)
rNeg    . . .        a - melded +0 robe
rPois   x            (helmet currently unavailable)
rElec   .            (cloak currently unavailable)
rCorr   .            (gloves currently unavailable)
SInv    .            (boots currently unavailable)
Will    .....        m - amulet of regeneration
Stlth   ++           (no ring)
HPRegen 1.06/turn    (no ring)
MPRegen 0.11/turn

%: no passive effects
@: lethally poisoned (-6 -> -36), spider-form
A: venomous fangs, tiny, (nimble swimmer 2), (mertail)
a: End Transformation


You were on level 3 of the Dungeon.
You were a venomous arachnid creature.
You visited 1 branch of the dungeon, and saw 3 of its levels.

You collected 134 gold pieces.
You spent 26 gold pieces at shops.

Inventory:

Hand Weapons
 i - a +0 whip of pain
 p - a +2 spear of venom
Armour
 a - a +0 robe (melded)
 o - a +0 pair of gloves
Magical Staves
 j - a staff of cold
Jewellery
 m - an amulet of regeneration (around neck)
Wands
 n - a wand of roots (9)
Scrolls
 c - a scroll of silence
 e - a scroll of blinking {unknown}
 f - 6 scrolls of immolation
 k - a scroll of teleportation {unknown}
Potions
 b - 3 potions of lignification
 d - a potion of heal wounds {unknown}
 g - 4 potions of curing {unknown}
 h - a potion of magic {unknown}
 l - a potion of berserk rage {unknown}


   Skills:
 - Level 1.1 Fighting
 - Level 2.6 Dodging
 - Level 3.2 Unarmed Combat
 - Level 2.0 Spellcasting
 + Level 7.0 Transmutations


You had one spell level left.
You knew the following spells:

 Your Spells              Type           Power      Damage    Failure   Level
a - Beastly Appendage     Tmut           36%        N/A       7%          1
b - Spider Form           Tmut/Pois      9%         N/A       38%         3
c - Wereblood             Tmut           18%        N/A       9%          2
d - Magic Dart            Conj           4%         1d3       47%         1

Your spell library contained the following spells:

 Spells                   Type           Power      Damage    Failure   Level
 Ignite Poison            Fire/Tmut/Pois 6%         N/A       52%         3
 Call Imp                 Summ           2%         N/A       61%         2
 Ice Form                 Ice/Tmut       9%         N/A       75%         4
 Mephitic Cloud           Conj/Pois/Air  1%         N/A       82%         3
 Eringya's Noxious Bog    Tmut/Pois      4%         N/A       100%        6
 Statue Form              Tmut/Erth      6%         N/A       100%        6


Dungeon Overview and Level Annotations

Branches:
Dungeon (3/15)

Altars:

Shops:
D:3 *

Annotations:
D:3 Crazy Yiuf


Innate Abilities, Weirdness & Mutations

You are a venomous arachnid creature.
You have venomous fangs.
You are tiny and dextrous.
Your spellcasting is less reliable in this form.
Your armour is entirely melded.
You are incapable of wielding weapons or throwing items.
((You are very nimble when in or above water. (Stealth+, EV+, Speed+++)))
((Your lower body shifts to a powerful aquatic tail in water.))


Message History

No reachable target in view!
Could not explore, unopened runed door.
No reachable target in view!
Could not explore, unopened runed door.
No reachable target in view!
Could not explore, unopened runed door.
No reachable target in view!
Unknown command.
Casting: Spider Form (quite dangerous; 19% risk of failure)
Confirm with . or Enter, or press ? or * to list all spells.
The spell is quite dangerous to miscast (19% risk of failure)!
Continue anyway?
You turn into a venomous arachnid creature.
Your +0 robe melds into your body.
Unknown command.
You open the door. You hit Crazy Yiuf but do no damage.
Crazy Yiuf is poisoned.
Crazy Yiuf misses you.
You bite Crazy Yiuf!
Crazy Yiuf is moderately wounded.
Crazy Yiuf screams, "Defame snockshim hand!"
Crazy Yiuf hits you with a +4 quarterstaff of chaos.
You are poisoned.
You hit Crazy Yiuf.
Crazy Yiuf is severely wounded.
You feel very sick. Crazy Yiuf completely misses you.
You hit Crazy Yiuf.
Crazy Yiuf looks as sick as possible!
Crazy Yiuf is severely wounded.
You feel very sick.
Crazy Yiuf grits, "Proton!
Defame blue aubergine."
Crazy Yiuf hits you with a +4 quarterstaff of chaos!
* * * LOW HITPOINT WARNING * * *
You are lethally poisoned!
You hit Crazy Yiuf.
Crazy Yiuf is almost dead.
* * * LOW HITPOINT WARNING * * *
You feel extremely sick.
Crazy Yiuf cries, "Iron!"
Crazy Yiuf hits you with a +4 quarterstaff of chaos!
You die...

........##
##..###############
.........# #....#
.........# #....#
.........# ##...#
<.......## ##)##
..##...## ##.#
######## #)## ##.#
#s## #g# ... #...#
#)..# #####


You could see Crazy Yiuf (extremely poisoned).

Vanquished Creatures
  6 adders
  4 worms
  3 dart slugs
  An orc (D:3)
  5 ball pythons
  10 bats
  4 endoplasms
  A giant cockroach (D:1)
  2 goblins
  4 hobgoblins
  12 jackals
  3 kobolds
  4 quokkas
  A frilled lizard (D:2)
  6 rats
66 creatures vanquished.

Notes
Turn   | Place    | Note
-------+----------+-------------------------------------------
     0 | D:1      | leafyfresh the Merfolk Transmuter began the quest for the
                  | Orb.
     0 | D:1      | Reached XP level 1. HP: 15/15 MP: 3/3
    41 | D:1      | Reached skill level 3 in Transmutations
   120 | D:1      | Reached XP level 2. HP: 14/21 MP: 3/5
   131 | D:1      | Reached skill level 4 in Transmutations
   612 | D:2      | Reached XP level 3. HP: 23/26 MP: 4/6
   749 | D:2      | Reached skill level 5 in Transmutations
   778 | D:2      | Learned a level 3 spell: Spider Form
  1229 | D:2      | Reached XP level 4. HP: 32/32 MP: 4/7
  1870 | D:2      | Learned a level 2 spell: Wereblood
  1872 | D:2      | Learned a level 1 spell: Magic Dart
  1887 | D:3      | Got Ventufa's Octavo of Composition
  1919 | D:3      | Found a runed translucent door.
  1920 | D:3      | Noticed Crazy Yiuf
  1964 | D:3      | Reached skill level 6 in Transmutations
  2168 | D:3      | Reached XP level 5. HP: 35/37 MP: 2/8
  2250 | D:3      | Found Erecuclieru's General Store.
  2260 | D:3      | Bought a scroll of identify for 26 gold pieces
  2422 | D:3      | Reached skill level 7 in Transmutations
  2559 | D:3      | Mangled by Crazy Yiuf

Illustrated notes

Levels and vault maps discovered:
D:1:      lemuel_arrival_room, layout_loops_ring, dk_noncrumbling_2,
          st_stairs_7, minmay_pentomino_w4
D:2:      layout_basic, serial_park_tiny_pond, kennysheep_generic_room_8
D:3:      layout_rooms, serial_shops, nicolae_shop_getting_attention,
          chequers_serial_rivers_small_a, uniq_crazy_yiuf_cottage

Skill      XL: |  1  2  3  4  5 |
---------------+----------------+-----
Transmutations | 3 4 5 6 7 |  7.0
Fighting       | |  1.1
Dodging        | |  2.6
Unarmed Combat | |  3.2
Spellcasting   | |  2.0

Action                     |  1- 3 |  4- 6 || total
---------------------------+-------+-------++-------
  Melee: Unarmed           |   143 |   112 ||   255
         Headbutt          |    11 |       ||    11
         Punch             |     4 |     2 ||     6
         Tailslap          |       |     1 ||     1
   Cast: Beastly Appendage |    11 |     1 ||    12
         Spider Form       |     3 |     9 ||    12
    Use: Scroll            |       |     2 ||     2
   Stab: Sleeping          |     3 |     3 ||     6
 Armour: Robe              |    42 |     5 ||    47
         Skin              |       |     3 ||     3
  Dodge: Dodged            |   122 |    98 ||   220
